Workbook
Name AfterRetirement: '1'!$B1>=DesiredRetirementAge
Name AnnualPenionsBenefitsAtRetirement: '1'!$H$15
Name AnnualPensionBenefitAfterRetirementIncreasesPercentage: '1'!$H$16
Name AnnualPensionCenefitIncreasesIncertaintyPercentage: '1'!$K$19
Name AnnualSavingsAmountUncertaintyPercentage: '1'!$K$16
Name AnnualSavingsIncreasesUncertaintyPercentage: '1'!$K$17
Name AnualPensionBenefitAmountUncertaintyPercentage: '1'!$K$18
Name AnualSavings_Over: IF(PlanYear<=PlanYears,BeforeRetirement*AnualSavingsInflated_Over,NA())
Name AnualSavingsInflated_Over: Cálculos!$X1048576+Cálculos!$X1048576*(CurrentAnnualSavingsIncreasesPercentage+AnnualSavingsIncreasesUncertaintyPercentage/2)
Name Balance_Over: IF(PlanYear<=PlanYears,Cálculos!$AA1048576,NA())
Name Balance_Under: IF(PlanYear<=PlanYears,Cálculos!$S1048576,NA())
Name BeforeRetirement: '1'!$B1<DesiredRetirementAge
Name ColumnTitleRegion1..I114.1: '1'!$C$24
Name CurrentAnnualIncome: '1'!$E$16
Name CurrentAnnualIncomeIncreasesPercentage: '1'!$E$17
Name CurrentAnnualSavingsAmount: '1'!$E$19
Name CurrentAnnualSavingsAmount_Over: CurrentAnnualSavingsAmount+CurrentAnnualSavingsAmount*AnnualSavingsAmountUncertaintyPercentage/2
Name CurrentAnnualSavingsAmount_Under: CurrentAnnualSavingsAmount-CurrentAnnualSavingsAmount*AnnualSavingsAmountUncertaintyPercentage/2
Name CurrentAnnualSavingsIncreasesPercentage: '1'!$E$20
Name CurrentRetirementSavingsBalance: '1'!$E$18
Name DesiredRetirementAge: '1'!$H$17
Name Idade: IF(PlanYear<=PlanYears,PlanYear-1+YourCurrentAge,NA())
Name InvestimentoRetornarUncertaintyPercentage: '1'!$K$15
Name InvestimentoRetornoPreRetirementPercentage: '1'!$E$21
Name InvestimentoReturnPostRetirementPercentage: '1'!$H$20
Name Juros: IF(PlanYear<=PlanYears,(Cálculos!XFD1*BeforeRetirement*InvestimentoRetornoPreRetirementPercentage)+(Cálculos!XFD1*AfterRetirement*InvestimentoReturnPostRetirementPercentage),NA())
Name LastRow: COUNTIF('1'!$C$24:$C$124,">1")+35
Name PensionIncome_Over: IF(PlanYear<=PlanYears,AfterRetirement*PensionIncomeInflated_Over,NA())
Name PensionIncome_Under: IF(PlanYear<=PlanYears,AfterRetirement*PensionIncomeInflated_Under,NA())
Name PensionIncomeInflated: AnnualPenionsBenefitsAtRetirement*(1+AnnualPensionBenefitAfterRetirementIncreasesPercentage)^(Cálculos!$B1-DesiredRetirementAge)
Name PlanYear: ROWS(Cálculos!$B$15:$B1)
Name PlanYears: YearsOfRetirementIncome+(DesiredRetirementAge-YourCurrentAge)
Name PoupançaAnual: IF(PlanYear<=PlanYears,BeforeRetirement*YearlySavingsInflated,NA())
Name Print_Area_Reset: OFFSET('1'!$A$1:$P$114,0,0,LastRow)
Name RendaDeAposentadoriaDesejada: IF(PlanYear<=PlanYears,AfterRetirement*RendaReplacementAtRetirementPercentage*CurrentAnnualIncome*(1+CurrentAnnualIncomeIncreasesPercentage)^(Cálculos!$B1-Cálculos!$B$15),NA())
Name RendaDePensão: IF(PlanYear<=PlanYears,AfterRetirement*PensionIncomeInflated,NA())
Name RendaReplacementAtRetirementPercentage: '1'!$H$19
Name ResultsDisplay_Failure: Cálculos!$K$6
Name ResultsDisplay_Failure_1: Cálculos!$K$9
Name ResultsDisplay_Failure_2: Cálculos!$K$10
Name ResultsDisplay_Failure_3: Cálculos!$K$11
Name ResultsDisplay_Failure_4: Cálculos!$K$12
Name ResultsDisplay_Success: Cálculos!$K$7
Name ResultsDisplay_Success_1: Cálculos!$I$9
Name ResultsDisplay_Success_2: Cálculos!$I$10
Name ResultsDisplay_Success_3: Cálculos!$I$11
Name ResultsDisplay_Success_4: Cálculos!$I$12
Name ResultsDisplay_Success_5: Cálculos!$I$13
Name RowTitleRegion1..D12: '1'!$C$15
Name RowTitleRegion2..G11: '1'!$F$15
Name RowTitleRegion3..J10: '1'!$I$15
Name Salário: IF(PlanYear<=PlanYears,BeforeRetirement*(Cálculos!$C1048576+Cálculos!$C1048576*CurrentAnnualIncomeIncreasesPercentage),NA())
Name Saldo: IF(PlanYear<=PlanYears,Cálculos!$K1048576,NA())
Name SaldoFinal: IF(PlanYear<=PlanYears,Cálculos!XEZ1+Cálculos!XFA1+Cálculos!XFB1-Cálculos!XFC1+Cálculos!XFD1,NA())
Name SavingsBalance_Disbursements: Cálculos!$I$15:INDEX(Cálculos!$I$15:$I$114,PlanYears)
Name SavingsBalance_RetiredPeriod: Cálculos!$AE$15:INDEX(Cálculos!$AE$15:$AE$114,PlanYears)
Name SavingsBalance_WorkingPeriod: Cálculos!$AD$15:INDEX(Cálculos!$AD$15:$AD$114,PlanYears)
Name Sucesso: Cálculos!$G$8
Name UncertaintyCone_Over: Cálculos!$AH$15:INDEX(Cálculos!$AH$15:$AH$114,PlanYears)
Name UncertaintyCone_Under: Cálculos!$S$15:INDEX(Cálculos!$S$15:$S$114,PlanYears)

Sheet 0
A1: Sua Logo Aqui
D4: Planilha: previsao da aposentadoria
D7: Olá, esperamos que esteja gostando da nossa planilha, sua opinião é muito importante para nós, acesse nosso canal e deixe seu comentário.
D11: Quer aprender excel? Confira nossas video-aulas: | I11: Clique Aqui | K11: Precisa de alguma planilha sob-medida para você? Entre em contato com nossa equipe!
D16: Você precisa de planilhas profissionais? Confira nossos modelos: | I16: Clique Aqui | K16: WhatsApp | M16: Email
K18: +55 077-98117-6733 | M18: contato@excelcoaching.com.br
D23: Caso você queira contribuir algum valor para incentivar com esse projeto, deixe sua contribuição. Clicando nos valores abaixo:

Sheet 1
A1: Sua Logo Aqui
C2: =IF(INDEX(SavingsBalance_RetiredPeriod,PlanYears)>=0,CONCATENATE(ResultsDisplay_Success_1," ",ResultsDisplay_Success_2, " ",ResultsDisplay_Success_3," ",ResultsDisplay_Success_4," ",ResultsDisplay_Success_5),CONCATENATE(ResultsDisplay_Failure_1," ",ResultsDisplay_Failure_2," ",ResultsDisplay_Failure_3," ",ResultsDisplay_Failure_4)) -> PARABÉNS! Aos 84 anos, Você terá um saldo de poupança de R$ 3.682.750.
B3: Nesta linha se encontra um gráfico combinado, ilustrando os desembolsos de poupança, o cone de incerteza, os anos de trabalho e o saldo de poupança para aposentadoria
C13: Entrada
C14: Agora | F14: Na aposentadoria | I14: Incerteza
C15: Sua idade atual | E15: 32 | F15: Benefício de pensão anual (R$) | H15: 0 | I15: Incerteza de retorno do investimento (%) | K15: 0.02
C16: Renda anual (R$) | E16: 20 | F16: Aumento anual do benefício de pensão (%) | H16: 0 | I16: Incerteza de valor de poupança anual (%) | K16: 0
C17: Inflação e aumentos de renda anuais (%) | E17: 0.03 | F17: Idade de aposentadoria desejada | H17: 65 | I17: Incerteza de aumento de poupança anual (%) | K17: 0
C18: Saldo de poupança de aposentadoria (R$) | E18: 20 | F18: Número de anos de renda de aposentadoria | H18: 20 | I18: Incerteza de valor de benefício previdenciário anual (%) | K18: 0
C19: Valor de poupança anual (R$) | E19: 15000 | F19: Substituição de renda (%) | H19: 0.75 | I19: Incerteza de aumento de benefício previdenciário anual (%) | K19: 0
C20: Aumentos anuais de poupança (%) | E20: 0 | F20: Retorno do investimento (%) | H20: 0.0625
C21: Retorno do investimento (%) | E21: 0.05
C23: Detalhes do gráfico
C24: Idade | D24: Salário | E24: Saldo | F24: Juros | G24: Poupança Anual | H24: Renda de aposentadoria desejada | I24: Renda de pensão | J24: Saldo de final de ano
C25: =IFERROR(Cálculos!B15,"") -> 32 | D25: =IFERROR(Cálculos!C15,"") -> 20 | E25: =IFERROR(Cálculos!F15,"") -> 20 | F25: =IFERROR(Cálculos!G15,"") -> 1 | G25: =IFERROR(Cálculos!H15,"") -> 15000 | H25: =IFERROR(Cálculos!I15,"") -> 0 | I25: =IFERROR(Cálculos!J15,"") -> 0 | J25: =IFERROR(Cálculos!K15,"") -> 15021
C26: =IFERROR(Cálculos!B16,"") -> 33 | D26: =IFERROR(Cálculos!C16,"") -> 20.6 | E26: =IFERROR(Cálculos!F16,"") -> 15021 | F26: =IFERROR(Cálculos!G16,"") -> 751.05 | G26: =IFERROR(Cálculos!H16,"") -> 15000 | H26: =IFERROR(Cálculos!I16,"") -> 0 | I26: =IFERROR(Cálculos!J16,"") -> 0 | J26: =IFERROR(Cálculos!K16,"") -> 30772.05
C27: =IFERROR(Cálculos!B17,"") -> 34 | D27: =IFERROR(Cálculos!C17,"") -> 21.218 | E27: =IFERROR(Cálculos!F17,"") -> 30772.05 | F27: =IFERROR(Cálculos!G17,"") -> 1538.6025 | G27: =IFERROR(Cálculos!H17,"") -> 15000 | H27: =IFERROR(Cálculos!I17,"") -> 0 | I27: =IFERROR(Cálculos!J17,"") -> 0 | J27: =IFERROR(Cálculos!K17,"") -> 47310.652
C28: =IFERROR(Cálculos!B18,"") -> 35 | D28: =IFERROR(Cálculos!C18,"") -> 21.85454 | E28: =IFERROR(Cálculos!F18,"") -> 47310.652 | F28: =IFERROR(Cálculos!G18,"") -> 2365.5326 | G28: =IFERROR(Cálculos!H18,"") -> 15000 | H28: =IFERROR(Cálculos!I18,"") -> 0 | I28: =IFERROR(Cálculos!J18,"") -> 0 | J28: =IFERROR(Cálculos!K18,"") -> 64676.185
C29: =IFERROR(Cálculos!B19,"") -> 36 | D29: =IFERROR(Cálculos!C19,"") -> 22.510176 | E29: =IFERROR(Cálculos!F19,"") -> 64676.185 | F29: =IFERROR(Cálculos!G19,"") -> 3233.8093 | G29: =IFERROR(Cálculos!H19,"") -> 15000 | H29: =IFERROR(Cálculos!I19,"") -> 0 | I29: =IFERROR(Cálculos!J19,"") -> 0 | J29: =IFERROR(Cálculos!K19,"") -> 82909.994
C30: =IFERROR(Cálculos!B20,"") -> 37 | D30: =IFERROR(Cálculos!C20,"") -> 23.185481 | E30: =IFERROR(Cálculos!F20,"") -> 82909.994 | F30: =IFERROR(Cálculos!G20,"") -> 4145.4997 | G30: =IFERROR(Cálculos!H20,"") -> 15000 | H30: =IFERROR(Cálculos!I20,"") -> 0 | I30: =IFERROR(Cálculos!J20,"") -> 0 | J30: =IFERROR(Cálculos!K20,"") -> 102055.49
C31: =IFERROR(Cálculos!B21,"") -> 38 | D31: =IFERROR(Cálculos!C21,"") -> 23.881046 | E31: =IFERROR(Cálculos!F21,"") -> 102055.49 | F31: =IFERROR(Cálculos!G21,"") -> 5102.7747 | G31: =IFERROR(Cálculos!H21,"") -> 15000 | H31: =IFERROR(Cálculos!I21,"") -> 0 | I31: =IFERROR(Cálculos!J21,"") -> 0 | J31: =IFERROR(Cálculos!K21,"") -> 122158.27
C32: =IFERROR(Cálculos!B22,"") -> 39 | D32: =IFERROR(Cálculos!C22,"") -> 24.597477 | E32: =IFERROR(Cálculos!F22,"") -> 122158.27 | F32: =IFERROR(Cálculos!G22,"") -> 6107.9134 | G32: =IFERROR(Cálculos!H22,"") -> 15000 | H32: =IFERROR(Cálculos!I22,"") -> 0 | I32: =IFERROR(Cálculos!J22,"") -> 0 | J32: =IFERROR(Cálculos!K22,"") -> 143266.18
C33: =IFERROR(Cálculos!B23,"") -> 40 | D33: =IFERROR(Cálculos!C23,"") -> 25.335402 | E33: =IFERROR(Cálculos!F23,"") -> 143266.18 | F33: =IFERROR(Cálculos!G23,"") -> 7163.3091 | G33: =IFERROR(Cálculos!H23,"") -> 15000 | H33: =IFERROR(Cálculos!I23,"") -> 0 | I33: =IFERROR(Cálculos!J23,"") -> 0 | J33: =IFERROR(Cálculos!K23,"") -> 165429.49
C34: =IFERROR(Cálculos!B24,"") -> 41 | D34: =IFERROR(Cálculos!C24,"") -> 26.095464 | E34: =IFERROR(Cálculos!F24,"") -> 165429.49 | F34: =IFERROR(Cálculos!G24,"") -> 8271.4746 | G34: =IFERROR(Cálculos!H24,"") -> 15000 | H34: =IFERROR(Cálculos!I24,"") -> 0 | I34: =IFERROR(Cálculos!J24,"") -> 0 | J34: =IFERROR(Cálculos!K24,"") -> 188700.97
C35: =IFERROR(Cálculos!B25,"") -> 42 | D35: =IFERROR(Cálculos!C25,"") -> 26.878328 | E35: =IFERROR(Cálculos!F25,"") -> 188700.97 | F35: =IFERROR(Cálculos!G25,"") -> 9435.0483 | G35: =IFERROR(Cálculos!H25,"") -> 15000 | H35: =IFERROR(Cálculos!I25,"") -> 0 | I35: =IFERROR(Cálculos!J25,"") -> 0 | J35: =IFERROR(Cálculos!K25,"") -> 213136.01
C36: =IFERROR(Cálculos!B26,"") -> 43 | D36: =IFERROR(Cálculos!C26,"") -> 27.684677 | E36: =IFERROR(Cálculos!F26,"") -> 213136.01 | F36: =IFERROR(Cálculos!G26,"") -> 10656.801 | G36: =IFERROR(Cálculos!H26,"") -> 15000 | H36: =IFERROR(Cálculos!I26,"") -> 0 | I36: =IFERROR(Cálculos!J26,"") -> 0 | J36: =IFERROR(Cálculos!K26,"") -> 238792.81
... C124: =IFERROR(Cálculos!B114,"") | D124: =IFERROR(Cálculos!C114,"") | E124: =IFERROR(Cálculos!F114,"") | F124: =IFERROR(Cálculos!G114,"") | G124: =IFERROR(Cálculos!H114,"") | H124: =IFERROR(Cálculos!I114,"") | I124: =IFERROR(Cálculos!J114,"") | J124: =IFERROR(Cálculos!K114,"")

Sheet Cálculos
B1: Cálculos
B2: Esta planilha deve permanecer oculta. Quaisquer modificações podem resultar em erros no Planejador de Aposentadoria.
H3: {=INDEX(B15:B114,MATCH(MIN(IF(ISNUMBER(SavingsBalance_RetiredPeriod),IF((SavingsBalance_RetiredPeriod>0),SavingsBalance_RetiredPeriod))),SavingsBalance_RetiredPeriod,0))} -> 64 | I3: Modelo de falha: | K3: Ops. Este plano só fornecerá a renda para a idade [IDADE]. Você precisará fazer algumas modificações.
G4: =TEXT(INDEX(SavingsBalance_RetiredPeriod,PlanYears),"R$ #.##0") -> R$ 3.682.750 | H4: =YourCurrentAge+PlanYears-1 -> 84 | I4: Modelo de sucesso: | K4: Parabéns! Seu plano parece funcionar. Aos [IDADE] anos, você ainda terá um saldo de poupança de [SALDO].
H6: =INDEX($H$3:$H$4,(INDEX(SavingsBalance_RetiredPeriod,PlanYears)>0)+1) -> 84 | I6: Exibição de falha: | K6: =REPT(SUBSTITUTE(SUBSTITUTE(K3,"[IDADE]",$H$6),"[SALDO]",$G$4),INDEX(SavingsBalance_RetiredPeriod,PlanYears)<0)
H7: =INDEX($H$3:$H$4,(INDEX(SavingsBalance_RetiredPeriod,PlanYears)>0)+1) -> 84 | I7: Exibição de sucesso: | K7: =REPT(SUBSTITUTE(SUBSTITUTE(K4,"[IDADE]",$H$6),"[SALDO]",$G$4),INDEX(SavingsBalance_RetiredPeriod,PlanYears)>=0) -> Parabéns! Seu plano parece funcionar. Aos 84 anos, você ainda terá um saldo de poupança de R$ 3.682.750.
F8: Sucesso: | G8: =INDEX(SavingsBalance_RetiredPeriod,PlanYears)>=0 -> TRUE | I8: Sucesso | K8: Falha
H9: 1 | I9: =REPT("PARABÉNS!",Sucesso) -> PARABÉNS! | K9: =REPT("OOPS!",Sucesso=FALSE)
H10: 2 | I10: =REPT("Aos",Sucesso) -> Aos | K10: =REPT("Este plano só fornecerá a renda para até os ",Sucesso=FALSE)
H11: 3 | I11: =REPT(YourCurrentAge+PlanYears-1 & " anos,",Sucesso) -> 84 anos, | K11: =REPT(H3 & " anos de idade.",Sucesso=FALSE)
H12: 4 | I12: =REPT("Você terá um saldo de poupança de",Sucesso) -> Você terá um saldo de poupança de | K12: =REPT("Você precisará fazer algumas modificações.",Sucesso=FALSE)
H13: 5 | I13: =REPT(TEXT(INDEX(SavingsBalance_RetiredPeriod,PlanYears),"R$ #.##0"),Sucesso)&"." -> R$ 3.682.750.
B14: Idade | C14: Salário | F14: Saldo | G14: Juros | H14: Poupança Anual | I14: Renda de aposentadoria desejada | J14: Renda de pensão | K14: Saldo final | N14: Saldo | O14: Juros | P14: Poupança Anual | Q14: Renda de aposentadoria desejada | R14: Renda de pensão | S14: Saldo final | V14: Saldo | W14: Juros | X14: Poupança Anual | Y14: Renda de aposentadoria desejada | Z14: Renda de pensão | AA14: Saldo final | AD14: Poupando | AE14: Aposentado | AH14: Incerteza
B15: =Idade -> 32 | C15: =CurrentAnnualIncome -> 20 | F15: =CurrentRetirementSavingsBalance -> 20 | G15: =Juros -> 1 | H15: =CurrentAnnualSavingsAmount -> 15000 | I15: =RendaDeAposentadoriaDesejada -> 0 | J15: =RendaDePensão -> 0 | K15: =SaldoFinal -> 15021 | N15: =CurrentRetirementSavingsBalance -> 20 | O15: =Interest_Under -> 0.8 | P15: =CurrentAnnualSavingsAmount_Under -> 15000 | Q15: =RendaDeAposentadoriaDesejada -> 0 | R15: =PensionIncome_Under -> 0 | S15: =SaldoFinal -> 15020.8 | V15: =CurrentRetirementSavingsBalance -> 20 | W15: =Interest_Over -> 1.2 | X15: =CurrentAnnualSavingsAmount_Over -> 15000 | Y15: =RendaDeAposentadoriaDesejada -> 0 | Z15: =PensionIncome_Over -> 0 | AA15: =SaldoFinal -> 15021.2 | AD15: =IF(Cálculos!B15<DesiredRetirementAge,K15,NA()) -> 15021 | AE15: =IF(Cálculos!B15>=(DesiredRetirementAge-1),K15,NA()) -> #N/A | AH15: =AA15-S15 -> 0.4
B16: =Idade -> 33 | C16: =Salário -> 20.6 | F16: =Saldo -> 15021 | G16: =Juros -> 751.05 | H16: =PoupançaAnual -> 15000 | I16: =RendaDeAposentadoriaDesejada -> 0 | J16: =RendaDePensão -> 0 | K16: =SaldoFinal -> 30772.05 | N16: =Balance_Under -> 15020.8 | O16: =Interest_Under -> 600.832 | P16: =YearlySavings_Under -> 15000 | Q16: =RendaDeAposentadoriaDesejada -> 0 | R16: =PensionIncome_Under -> 0 | S16: =SaldoFinal -> 30621.632 | V16: =Balance_Over -> 15021.2 | W16: =Interest_Over -> 901.272 | X16: =AnualSavings_Over -> 15000 | Y16: =RendaDeAposentadoriaDesejada -> 0 | Z16: =PensionIncome_Over -> 0 | AA16: =SaldoFinal -> 30922.472 | AD16: =IF(Cálculos!B16<DesiredRetirementAge,K16,NA()) -> 30772.05 | AE16: =IF(Cálculos!B16>=(DesiredRetirementAge-1),K16,NA()) -> #N/A | AH16: =AA16-S16 -> 300.84
B17: =Idade -> 34 | C17: =Salário -> 21.218 | F17: =Saldo -> 30772.05 | G17: =Juros -> 1538.6025 | H17: =PoupançaAnual -> 15000 | I17: =RendaDeAposentadoriaDesejada -> 0 | J17: =RendaDePensão -> 0 | K17: =SaldoFinal -> 47310.652 | N17: =Balance_Under -> 30621.632 | O17: =Interest_Under -> 1224.8653 | P17: =YearlySavings_Under -> 15000 | Q17: =RendaDeAposentadoriaDesejada -> 0 | R17: =PensionIncome_Under -> 0 | S17: =SaldoFinal -> 46846.497 | V17: =Balance_Over -> 30922.472 | W17: =Interest_Over -> 1855.3483 | X17: =AnualSavings_Over -> 15000 | Y17: =RendaDeAposentadoriaDesejada -> 0 | Z17: =PensionIncome_Over -> 0 | AA17: =SaldoFinal -> 47777.82 | AD17: =IF(Cálculos!B17<DesiredRetirementAge,K17,NA()) -> 47310.652 | AE17: =IF(Cálculos!B17>=(DesiredRetirementAge-1),K17,NA()) -> #N/A | AH17: =AA17-S17 -> 931.32304
B18: =Idade -> 35 | C18: =Salário -> 21.85454 | F18: =Saldo -> 47310.652 | G18: =Juros -> 2365.5326 | H18: =PoupançaAnual -> 15000 | I18: =RendaDeAposentadoriaDesejada -> 0 | J18: =RendaDePensão -> 0 | K18: =SaldoFinal -> 64676.185 | N18: =Balance_Under -> 46846.497 | O18: =Interest_Under -> 1873.8599 | P18: =YearlySavings_Under -> 15000 | Q18: =RendaDeAposentadoriaDesejada -> 0 | R18: =PensionIncome_Under -> 0 | S18: =SaldoFinal -> 63720.357 | V18: =Balance_Over -> 47777.82 | W18: =Interest_Over -> 2866.6692 | X18: =AnualSavings_Over -> 15000 | Y18: =RendaDeAposentadoriaDesejada -> 0 | Z18: =PensionIncome_Over -> 0 | AA18: =SaldoFinal -> 65644.49 | AD18: =IF(Cálculos!B18<DesiredRetirementAge,K18,NA()) -> 64676.185 | AE18: =IF(Cálculos!B18>=(DesiredRetirementAge-1),K18,NA()) -> #N/A | AH18: =AA18-S18 -> 1924.1324
B19: =Idade -> 36 | C19: =Salário -> 22.510176 | F19: =Saldo -> 64676.185 | G19: =Juros -> 3233.8093 | H19: =PoupançaAnual -> 15000 | I19: =RendaDeAposentadoriaDesejada -> 0 | J19: =RendaDePensão -> 0 | K19: =SaldoFinal -> 82909.994 | N19: =Balance_Under -> 63720.357 | O19: =Interest_Under -> 2548.8143 | P19: =YearlySavings_Under -> 15000 | Q19: =RendaDeAposentadoriaDesejada -> 0 | R19: =PensionIncome_Under -> 0 | S19: =SaldoFinal -> 81269.171 | V19: =Balance_Over -> 65644.49 | W19: =Interest_Over -> 3938.6694 | X19: =AnualSavings_Over -> 15000 | Y19: =RendaDeAposentadoriaDesejada -> 0 | Z19: =PensionIncome_Over -> 0 | AA19: =SaldoFinal -> 84583.159 | AD19: =IF(Cálculos!B19<DesiredRetirementAge,K19,NA()) -> 82909.994 | AE19: =IF(Cálculos!B19>=(DesiredRetirementAge-1),K19,NA()) -> #N/A | AH19: =AA19-S19 -> 3313.9875
B20: =Idade -> 37 | C20: =Salário -> 23.185481 | F20: =Saldo -> 82909.994 | G20: =Juros -> 4145.4997 | H20: =PoupançaAnual -> 15000 | I20: =RendaDeAposentadoriaDesejada -> 0 | J20: =RendaDePensão -> 0 | K20: =SaldoFinal -> 102055.49 | N20: =Balance_Under -> 81269.171 | O20: =Interest_Under -> 3250.7669 | P20: =YearlySavings_Under -> 15000 | Q20: =RendaDeAposentadoriaDesejada -> 0 | R20: =PensionIncome_Under -> 0 | S20: =SaldoFinal -> 99519.938 | V20: =Balance_Over -> 84583.159 | W20: =Interest_Over -> 5074.9895 | X20: =AnualSavings_Over -> 15000 | Y20: =RendaDeAposentadoriaDesejada -> 0 | Z20: =PensionIncome_Over -> 0 | AA20: =SaldoFinal -> 104658.15 | AD20: =IF(Cálculos!B20<DesiredRetirementAge,K20,NA()) -> 102055.49 | AE20: =IF(Cálculos!B20>=(DesiredRetirementAge-1),K20,NA()) -> #N/A | AH20: =AA20-S20 -> 5138.2101
B21: =Idade -> 38 | C21: =Salário -> 23.881046 | F21: =Saldo -> 102055.49 | G21: =Juros -> 5102.7747 | H21: =PoupançaAnual -> 15000 | I21: =RendaDeAposentadoriaDesejada -> 0 | J21: =RendaDePensão -> 0 | K21: =SaldoFinal -> 122158.27 | N21: =Balance_Under -> 99519.938 | O21: =Interest_Under -> 3980.7975 | P21: =YearlySavings_Under -> 15000 | Q21: =RendaDeAposentadoriaDesejada -> 0 | R21: =PensionIncome_Under -> 0 | S21: =SaldoFinal -> 118500.74 | V21: =Balance_Over -> 104658.15 | W21: =Interest_Over -> 6279.4889 | X21: =AnualSavings_Over -> 15000 | Y21: =RendaDeAposentadoriaDesejada -> 0 | Z21: =PensionIncome_Over -> 0 | AA21: =SaldoFinal -> 125937.64 | AD21: =IF(Cálculos!B21<DesiredRetirementAge,K21,NA()) -> 122158.27 | AE21: =IF(Cálculos!B21>=(DesiredRetirementAge-1),K21,NA()) -> #N/A | AH21: =AA21-S21 -> 7436.9015
B22: =Idade -> 39 | C22: =Salário -> 24.597477 | F22: =Saldo -> 122158.27 | G22: =Juros -> 6107.9134 | H22: =PoupançaAnual -> 15000 | I22: =RendaDeAposentadoriaDesejada -> 0 | J22: =RendaDePensão -> 0 | K22: =SaldoFinal -> 143266.18 | N22: =Balance_Under -> 118500.74 | O22: =Interest_Under -> 4740.0294 | P22: =YearlySavings_Under -> 15000 | Q22: =RendaDeAposentadoriaDesejada -> 0 | R22: =PensionIncome_Under -> 0 | S22: =SaldoFinal -> 138240.77 | V22: =Balance_Over -> 125937.64 | W22: =Interest_Over -> 7556.2582 | X22: =AnualSavings_Over -> 15000 | Y22: =RendaDeAposentadoriaDesejada -> 0 | Z22: =PensionIncome_Over -> 0 | AA22: =SaldoFinal -> 148493.9 | AD22: =IF(Cálculos!B22<DesiredRetirementAge,K22,NA()) -> 143266.18 | AE22: =IF(Cálculos!B22>=(DesiredRetirementAge-1),K22,NA()) -> #N/A | AH22: =AA22-S22 -> 10253.13
B23: =Idade -> 40 | C23: =Salário -> 25.335402 | F23: =Saldo -> 143266.18 | G23: =Juros -> 7163.3091 | H23: =PoupançaAnual -> 15000 | I23: =RendaDeAposentadoriaDesejada -> 0 | J23: =RendaDePensão -> 0 | K23: =SaldoFinal -> 165429.49 | N23: =Balance_Under -> 138240.77 | O23: =Interest_Under -> 5529.6306 | P23: =YearlySavings_Under -> 15000 | Q23: =RendaDeAposentadoriaDesejada -> 0 | R23: =PensionIncome_Under -> 0 | S23: =SaldoFinal -> 158770.4 | V23: =Balance_Over -> 148493.9 | W23: =Interest_Over -> 8909.6337 | X23: =AnualSavings_Over -> 15000 | Y23: =RendaDeAposentadoriaDesejada -> 0 | Z23: =PensionIncome_Over -> 0 | AA23: =SaldoFinal -> 172403.53 | AD23: =IF(Cálculos!B23<DesiredRetirementAge,K23,NA()) -> 165429.49 | AE23: =IF(Cálculos!B23>=(DesiredRetirementAge-1),K23,NA()) -> #N/A | AH23: =AA23-S23 -> 13633.133
B24: =Idade -> 41 | C24: =Salário -> 26.095464 | F24: =Saldo -> 165429.49 | G24: =Juros -> 8271.4746 | H24: =PoupançaAnual -> 15000 | I24: =RendaDeAposentadoriaDesejada -> 0 | J24: =RendaDePensão -> 0 | K24: =SaldoFinal -> 188700.97 | N24: =Balance_Under -> 158770.4 | O24: =Interest_Under -> 6350.8158 | P24: =YearlySavings_Under -> 15000 | Q24: =RendaDeAposentadoriaDesejada -> 0 | R24: =PensionIncome_Under -> 0 | S24: =SaldoFinal -> 180121.21 | V24: =Balance_Over -> 172403.53 | W24: =Interest_Over -> 10344.212 | X24: =AnualSavings_Over -> 15000 | Y24: =RendaDeAposentadoriaDesejada -> 0 | Z24: =PensionIncome_Over -> 0 | AA24: =SaldoFinal -> 197747.74 | AD24: =IF(Cálculos!B24<DesiredRetirementAge,K24,NA()) -> 188700.97 | AE24: =IF(Cálculos!B24>=(DesiredRetirementAge-1),K24,NA()) -> #N/A | AH24: =AA24-S24 -> 17626.529
B25: =Idade -> 42 | C25: =Salário -> 26.878328 | F25: =Saldo -> 188700.97 | G25: =Juros -> 9435.0483 | H25: =PoupançaAnual -> 15000 | I25: =RendaDeAposentadoriaDesejada -> 0 | J25: =RendaDePensão -> 0 | K25: =SaldoFinal -> 213136.01 | N25: =Balance_Under -> 180121.21 | O25: =Interest_Under -> 7204.8485 | P25: =YearlySavings_Under -> 15000 | Q25: =RendaDeAposentadoriaDesejada -> 0 | R25: =PensionIncome_Under -> 0 | S25: =SaldoFinal -> 202326.06 | V25: =Balance_Over -> 197747.74 | W25: =Interest_Over -> 11864.864 | X25: =AnualSavings_Over -> 15000 | Y25: =RendaDeAposentadoriaDesejada -> 0 | Z25: =PensionIncome_Over -> 0 | AA25: =SaldoFinal -> 224612.61 | AD25: =IF(Cálculos!B25<DesiredRetirementAge,K25,NA()) -> 213136.01 | AE25: =IF(Cálculos!B25>=(DesiredRetirementAge-1),K25,NA()) -> #N/A | AH25: =AA25-S25 -> 22286.545
B26: =Idade -> 43 | C26: =Salário -> 27.684677 | F26: =Saldo -> 213136.01 | G26: =Juros -> 10656.801 | H26: =PoupançaAnual -> 15000 | I26: =RendaDeAposentadoriaDesejada -> 0 | J26: =RendaDePensão -> 0 | K26: =SaldoFinal -> 238792.81 | N26: =Balance_Under -> 202326.06 | O26: =Interest_Under -> 8093.0424 | P26: =YearlySavings_Under -> 15000 | Q26: =RendaDeAposentadoriaDesejada -> 0 | R26: =PensionIncome_Under -> 0 | S26: =SaldoFinal -> 225419.1 | V26: =Balance_Over -> 224612.61 | W26: =Interest_Over -> 13476.756 | X26: =AnualSavings_Over -> 15000 | Y26: =RendaDeAposentadoriaDesejada -> 0 | Z26: =PensionIncome_Over -> 0 | AA26: =SaldoFinal -> 253089.36 | AD26: =IF(Cálculos!B26<DesiredRetirementAge,K26,NA()) -> 238792.81 | AE26: =IF(Cálculos!B26>=(DesiredRetirementAge-1),K26,NA()) -> #N/A | AH26: =AA26-S26 -> 27670.259
B27: =Idade -> 44 | C27: =Salário -> 28.515218 | F27: =Saldo -> 238792.81 | G27: =Juros -> 11939.641 | H27: =PoupançaAnual -> 15000 | I27: =RendaDeAposentadoriaDesejada -> 0 | J27: =RendaDePensão -> 0 | K27: =SaldoFinal -> 265732.46 | N27: =Balance_Under -> 225419.1 | O27: =Interest_Under -> 9016.7641 | P27: =YearlySavings_Under -> 15000 | Q27: =RendaDeAposentadoriaDesejada -> 0 | R27: =PensionIncome_Under -> 0 | S27: =SaldoFinal -> 249435.87 | V27: =Balance_Over -> 253089.36 | W27: =Interest_Over -> 15185.362 | X27: =AnualSavings_Over -> 15000 | Y27: =RendaDeAposentadoriaDesejada -> 0 | Z27: =PensionIncome_Over -> 0 | AA27: =SaldoFinal -> 283274.72 | AD27: =IF(Cálculos!B27<DesiredRetirementAge,K27,NA()) -> 265732.46 | AE27: =IF(Cálculos!B27>=(DesiredRetirementAge-1),K27,NA()) -> #N/A | AH27: =AA27-S27 -> 33838.857
... B114: =Idade -> #N/A | C114: =Salário -> #N/A | F114: =Saldo -> #N/A | G114: =Juros -> #N/A | H114: =PoupançaAnual -> #N/A | I114: =RendaDeAposentadoriaDesejada -> #N/A | J114: =RendaDePensão -> #N/A | K114: =SaldoFinal -> #N/A | N114: =Balance_Under -> #N/A | O114: =Interest_Under -> #N/A | P114: =YearlySavings_Under -> #N/A | Q114: =RendaDeAposentadoriaDesejada -> #N/A | R114: =PensionIncome_Under -> #N/A | S114: =SaldoFinal -> #N/A | V114: =Balance_Over -> #N/A | W114: =Interest_Over -> #N/A | X114: =AnualSavings_Over -> #N/A | Y114: =RendaDeAposentadoriaDesejada -> #N/A | Z114: =PensionIncome_Over -> #N/A | AA114: =SaldoFinal -> #N/A | AD114: =IF(Cálculos!B114<DesiredRetirementAge,K114,NA()) -> #N/A | AE114: =IF(Cálculos!B114>=(DesiredRetirementAge-1),K114,NA()) -> #N/A | AH114: =AA114-S114 -> #N/A
